 Dungeon Crawl Stone Soup version 0.27.1-16-g815e20cd7a (webtiles) character file.

Game seed: 8928329776925789301

23310 Gunterle the Slinger (level 12, 0/51 (54) HPs)
             Began as a Spriggan Arcane Marksman on Nov 20, 2021.
             Was a High Priest of Okawaru.
             Killed from afar by an orc sorcerer (41 damage)
             ... with a bolt of negative energy
             ... on level 2 of the Orcish Mines on Nov 21, 2021.
             The game lasted 01:58:38 (29420 turns).

Gunterle the Slinger (Spriggan Arcane Marksman)    Turns: 29420, Time: 01:58:38

HP:   0/51 (54)     AC:  5    Str:  7    XL:     12   Next: 70%
MP:   8/8           EV: 29    Int: 18    God:    Okawaru [*****.]
Gold: 415           SH:  0    Dex: 22    Spells: 10/28 levels left

rFire    . . .     SeeInvis +   u - +5 lajatang of Jyicemmi {antimagic, Stlth+}
rCold    . . .     Faith    .   (shield currently unavailable)
rNeg     . . .     Spirit   .   m - +2 robe {Will+}
rPois    .         Reflect  .   (helmet restricted)
rElec    .         Harm     .   V - +0 cloak
rCorr    .         Rampage  .   (gloves unavailable)
Will     +++..                  (boots unavailable)
Stlth    +++.......             (no amulet)
HPRegen  0.17/turn              O - +6 ring of dexterity
MPRegen  0.11/turn              v - +4 ring of evasion

@: drained, very quick
A: very small, no large weapons, unfitting armour, see invisible, speed 3,
deterioration 1, frail 1
a: Renounce Religion, Heroism, Finesse


You were on level 2 of the Orcish Mines.
You worshipped Okawaru.
Okawaru was extremely pleased with you.
You visited 3 branches of the dungeon, and saw 15 of its levels.
You also visited: Sewer, Ossuary and Bailey.

You collected 1213 gold pieces.
You spent 798 gold pieces at shops.

Inventory:

Hand Weapons
 a - a +1 hunting sling
 b - the +9 long sword of Disorder {venom, rF+ rC- rN+++ Str+4}
   (You found it on level 5 of the Dungeon)

   It poisons the flesh of those it strikes.
   Str:       It affects your strength (+4).
   rF:        It protects you from fire.
   rC:        It makes you vulnerable to cold.
   rN:        It renders you almost immune to negative energy.
 u - the +5 lajatang of Jyicemmi (weapon) {antimagic, Stlth+}
   (You bought it in a shop on level 3 of the Dungeon)

   It reduces the magical energy of the wielder, and disrupts the spells and
   magical abilities of those it strikes.
   Natural abilities and divine invocations are not affected.
   Stlth:     It makes you more stealthy.
 w - a +0 war axe of venom
 A - a +0 war axe of holy wrath
 E - a +0 trident of venom
 I - a +0 hand crossbow
 L - a +0 quarterstaff of freezing
Missiles
 f - 80 boomerangs
 k - 125 stones
 q - 82 bolts
 F - 20 poisoned darts (quivered)
 P - 11 sling bullets
Armour
 m - a +2 robe of willpower (worn)
 D - +0 swamp dragon scales
 R - a +2 robe of cold resistance
 V - a +0 cloak (worn)
 W - +0 acid dragon scales
Jewellery
 c - a ring of magical power
 h - a ring of magical power
 p - a ring of positive energy
 v - a +4 ring of evasion (right hand)
 J - a ring of ice
 O - a +6 ring of dexterity (left hand)
Wands
 N - a wand of polymorph (5)
Scrolls
 n - 7 scrolls of teleportation
 r - a scroll of immolation
 x - 2 scrolls of amnesia
 y - 2 scrolls of vulnerability
 K - a scroll of fear {unknown}
 M - a scroll of enchant armour {unknown}
 Q - a scroll of blinking
 S - a scroll of acquirement {unknown}
 U - a scroll of brand weapon {unknown}
Potions
 e - 4 potions of lignification
 g - 7 potions of heal wounds
 i - 2 potions of flight
 j - 5 potions of magic
 l - 2 potions of resistance
 o - 8 potions of brilliance
 s - 8 potions of might
 t - 2 potions of ambrosia
 B - 4 potions of haste
 C - 2 potions of curing
 G - a potion of invisibility {unknown}
 H - a potion of cancellation
 T - 2 potions of berserk rage
Miscellaneous
 z - a box of beasts


   Skills:
 + Level 5.9 Fighting
 - Level 0.8 Long Blades
 + Level 2.3 Staves
 * Level 12.0 Slings
 - Level 2.0 Crossbows
 + Level 3.8 Armour
 + Level 9.5 Dodging
 + Level 8.6 Spellcasting
 + Level 11.1 Hexes
 - Level 3.7 Translocations
 - Level 5.1 Fire Magic
 + Level 6.0 Invocations
 + Level 4.3 Evocations


You had 10 spell levels left.
You knew the following spells:

 Your Spells              Type           Power      Damage    Failure   Level
a - Corona                Hex            52%        N/A       1%          1
b - Inner Flame           Hex/Fire       37%        N/A       1%          3
c - Portal Projectile     Hex/Tloc       68%        N/A       1%          3
d - Apportation           Tloc           42%        N/A       1%          1
e - Cause Fear            Hex            23%        N/A       1%          4
f - Invisibility          Hex            23%        N/A       14%         6

Your spell library contained the following spells:

 Spells                   Type           Power      Damage    Failure   Level
 Slow                     Hex            47%        N/A       1%          2
 Beastly Appendage        Tmut           14%        N/A       10%         1
 Static Discharge         Conj/Air       7%         N/A       14%         2
 Wereblood                Tmut           7%         N/A       14%         2
 Spider Form              Tmut/Pois      3%         N/A       28%         3
 Alistair's Intoxication  Tmut/Pois      4%         N/A       95%         5
 Lightning Bolt           Conj/Air       3%         1d15      95%         5
 Maxwell's Capacitive Co  Air            3%         ∞         100%        8


Dungeon Overview and Level Annotations

Branches:
Dungeon (12/15)            Temple (1/1) D:7            Lair (0/6) D:10
    Orc (2/2) D:9           Sewer (visited)         Ossuary (visited)
 Bailey (visited)
    Elf: Orc:2

Altars:
Ashenzari
Cheibriados
Dithmenos
Elyvilon
Fedhas
Gozag
Hepliaklqana
Kikubaaqudgha
Makhleb
Nemelex Xobeh
Okawaru
Qazlal
Ru
Sif Muna
Trog
Uskayaw
Vehumet
Wu Jian
Xom
Yredelemnul
Zin
The Shining One

Shops:
D:3 (   D:9 [(


Innate Abilities, Weirdness & Mutations

You are very small and have problems with some larger weapons.
You are too small for most types of armour.
You have supernaturally acute eyesight. (SInv)
You cover ground extremely quickly. (Speed+++)
Your body sometimes deteriorates upon taking damage.
You are frail. (-10% HP)


Message History

There is a stone staircase leading up, spattered with blood here.
Unknown command.
Throw: 23 darts (poison)
Press: ? - help, Q - select action, (/) - cycle Shift-Dir - straight line, f - orc sorcerer
Aim: an orc sorcerer, wielding a +0 dagger and wearing a +2 robe of willpower (62% to hit)
You throw a poisoned dart.
The poisoned dart hits the orc sorcerer.
The orc sorcerer is poisoned.
The orc shouts!
The orc priest mumbles some strange prayers to Beogh against you.
Beogh smites you!
Throw: 22 darts (poison)
Press: ? - help, Q - select action, (/) - cycle Shift-Dir - straight line, f/p - orc sorcerer
Aim: an orc sorcerer, wielding a +0 dagger and wearing a +2 robe of willpower (poisoned, 62% to hit)
You throw a poisoned dart.
The poisoned dart barely misses the orc sorcerer.
The orc sorcerer gestures at you while chanting.
The bolt of fire misses you.
Throw: 21 darts (poison)
Press: ? - help, Q - select action, (/) - cycle Shift-Dir - straight line, f/p - orc sorcerer
Aim: an orc sorcerer, wielding a +0 dagger and wearing a +2 robe of willpower (poisoned, 62% to hit)
You throw a poisoned dart.
The poisoned dart hits the orc sorcerer!
The orc sorcerer looks as sick as possible!
The orc sorcerer points at you and mumbles some strange words.
The bolt of fire misses you.
The bolt of fire hits the orc priest!!
The orc priest dies!
Aiming: Polymorph
Press: ? - help, Shift-Dir - straight line, f/p - orc sorcerer
Aim: an orc sorcerer, wielding a +0 dagger and wearing a +2 robe of willpower (extremely poisoned, will become a glowing orange brain, a yaktaur, or a merfolk, chance to affect: 13%)
The orc sorcerer resists with almost no effort.
Unknown command.
Aiming: Polymorph
Press: ? - help, Shift-Dir - straight line, f/p - orc sorcerer
Aim: an orc sorcerer, wielding a +0 dagger and wearing a +2 robe of willpower (lightly wounded, extremely poisoned, will become a glowing orange brain, a yaktaur, or a merfolk, chance to affect: 13%)
The orc sorcerer resists with almost no effort.
The orc sorcerer points at you and mumbles some strange words.
The bolt of negative energy hits you!!!
You feel drained.
Ouch! That really hurt!
You die...

.#...$......$...
................
...(............
...........(.#..
........o.).....
...[<...........
.....)..........
..((...@.((.....
....$))[..o((...
.....((...$...(.
...#(..o........
...(...........$
..(.............
.(..............
(.......$.......


You could see an orc knight, an orc sorcerer (extremely poisoned) and an orc.

Vanquished Creatures
  3 boulder beetles
  A hydra (D:11)
  3 two-headed ogres
  An orc high priest (Orc:1)
  2 skeletal warriors (D:11)
  2 orc knights
  A mana viper (D:12)
  A deep elf pyromancer (D:9)
  2 orc sorcerers (Orc:1)
  3 cyclopes
  A manticore (D:12)
  Maggie (D:7)
  2 unseen horrors
  A komodo dragon (D:11)
  A kobold demonologist (D:10)
  2 trolls (D:9)
  Grinder (D:4)
  5 wraiths
  20 yaks
  3 wargs
  2 acid dragons
  3 water moccasins
  21 orc warriors
  2 ice beasts (D:8)
  A sky beast (D:5)
  3 black bears
  A necrophage (D:6)
  5 ogres
  3 centaurs
  3 kobold brigands
  4 bullfrogs
  11 scorpions
  A water moccasin skeleton (D:5)
  12 killer bees
  A howler monkey (D:7)
  A bullfrog zombie (D:5)
  3 centaur zombies
  4 human zombies (Ossuary)
  3 hounds
  A jelly (D:6)
  7 orc priests
  2 centaur skeletons
  An iguana (D:4)
  A bullfrog skeleton (D:5)
  9 orc wizards
  6 scorpion zombies (Ossuary)
  2 howler monkey zombies
  3 mummies (Ossuary)
  6 adders
  7 gnolls
  A howler monkey skeleton (D:5)
  2 river rats (Sewer)
  A white imp (D:6)
  An ufetubus (D:7)
  2 dart slugs
  68 orcs
  7 ball pythons
  8 endoplasms
  4 giant cockroaches
  2 gnoll zombies (Ossuary)
  9 goblins
  3 hobgoblins
  11 jackals
  46 kobolds
  A quokka (D:1)
  6 bats
  6 frilled lizards
  A goblin zombie (Ossuary)
  3 hobgoblin zombies (Ossuary)
  An orc zombie (Ossuary)
  27 rats
395 creatures vanquished.

Vanquished Creatures (others)
  A sky beast (D:6)
  An orc priest (Orc:2)
  49 fungi (D:10)
  48 plants (D:10)
99 creatures vanquished.

Grand Total: 494 creatures vanquished

Notes
Turn   | Place    | Note
-------+----------+-------------------------------------------
     0 | D:1      | Gunterle the Spriggan Arcane Marksman began the quest for
                  | the Orb.
     0 | D:1      | Reached XP level 1. HP: 9/9 MP: 3/3
    37 | D:1      | Found a faded altar of an unknown god.
   493 | D:1      | Reached skill level 1 in Fighting
   493 | D:1      | Reached XP level 2. HP: 14/14 MP: 5/5
   762 | D:1      | Reached skill level 3 in Slings
  1576 | D:2      | Reached XP level 3. HP: 18/18 MP: 6/6
  2296 | D:2      | Learned a level 3 spell: Inner Flame
  2694 | D:3      | Reached XP level 4. HP: 11/22 MP: 8/8
  2979 | D:3      | Found Mehesoly's Weapon Shoppe.
  2991 | D:3      | Noticed a black bear
  3046 | D:3      | Killed a black bear
  3047 | D:3      | Reached skill level 4 in Slings
  3047 | D:3      | Reached skill level 1 in Fire Magic
  3047 | D:3      | Reached XP level 5. HP: 25/25 MP: 9/9
  3908 | D:4      | Found a stormy altar of Qazlal.
  4157 | D:4      | Found a sand-covered staircase.
  4162 | Ossuary  | Entered an ossuary
  4218 | Ossuary  | Reached skill level 5 in Hexes
  4218 | Ossuary  | Reached XP level 6. HP: 13/30 MP: 9/11
  5146 | Ossuary  | Reached skill level 5 in Slings
  5146 | Ossuary  | Reached XP level 7. HP: 20/35 MP: 12/12
  5383 | Ossuary  | Learned a level 3 spell: Portal Projectile
  6468 | Ossuary  | Reached XP level 8. HP: 39/39 MP: 14/14
  6888 | Ossuary  | Reached skill level 6 in Slings
  7253 | D:4      | Noticed Grinder
  7533 | D:4      | Found a white marble altar of Elyvilon.
  7574 | D:4      | Became a worshipper of Elyvilon the Healer
  7638 | D:5      | Entered Level 5 of the Dungeon
  8120 | D:5      | Identified the +9 long sword of Disorder {venom, rF+ rC-
                  | rN+++ Str+4}
  8150 | D:5      | Found a glowing drain.
  8154 | D:5      | Reached * piety under Elyvilon
  8162 | Sewer    | Entered a sewer
  8246 | Sewer    | Reached skill level 5 in Dodging
  9234 | D:5      | Reached skill level 1 in Invocations
  9866 | D:6      | Learned a level 1 spell: Apportation
  9871 | D:6      | Learned a level 4 spell: Cause Fear
 10158 | D:6      | Reached skill level 7 in Slings
 10170 | D:6      | Reached skill level 1 in Translocations
 10378 | D:6      | Reached ** piety under Elyvilon
 10495 | D:6      | Reached XP level 9. HP: 29/44 MP: 17/17
 11031 | D:7      | Found a staircase to the Ecumenical Temple.
 11051 | Temple   | Entered the Ecumenical Temple
 11262 | D:7      | Found a flagged portal.
 11276 | Bailey   | Entered a bailey
 11380 | Bailey   | Reached skill level 5 in Spellcasting
 11429 | Bailey   | Noticed an orc knight
 11583 | Bailey   | Killed an orc knight
 11584 | Bailey   | Reached skill level 8 in Slings
 12088 | D:7      | Noticed Maggie
 12187 | D:7      | Killed Maggie
 12571 | D:7      | Found a shadowy altar of Dithmenos.
 12632 | D:7      | Found an iron altar of Okawaru.
 12641 | D:7      | Fell from the grace of Elyvilon
 12641 | D:7      | Became a worshipper of Warmaster Okawaru
 12693 | D:8      | Reached XP level 10. HP: 38/49 MP: 10/19
 14132 | D:4      | Killed Grinder
 14424 | D:9      | Reached * piety under Okawaru
 14766 | D:9      | Reached skill level 1 in Armour
 14900 | D:9      | Reached skill level 9 in Slings
 15579 | D:9      | Found a basalt altar of Yredelemnul.
 15963 | D:9      | Noticed a deep elf pyromancer
 16018 | D:9      | Killed a deep elf pyromancer
 16018 | D:9      | Reached ** piety under Okawaru
 16157 | D:9      | Found Edoant's Weapon Emporium.
 16157 | D:9      | Found a staircase to the Orcish Mines.
 16157 | D:9      | Found Xuegir's Armour Emporium.
 16488 | D:9      | Found a sparkling altar of Nemelex Xobeh.
 16490 | D:9      | Found a broken altar of Ashenzari.
 16491 | D:9      | Found a glowing golden altar of the Shining One.
 16493 | D:9      | Found a shimmering blue altar of Sif Muna.
 16600 | D:10     | Entered Level 10 of the Dungeon
 16603 | D:10     | Noticed a two-headed ogre
 16607 | D:10     | Reached skill level 5 in Fire Magic
 16832 | D:9      | Reached *** piety under Okawaru
 16941 | D:10     | Reached XP level 11. HP: 54/54 MP: 21/21
 16961 | D:10     | Reached skill level 10 in Hexes
 17064 | D:10     | Received a gift from Okawaru
 17188 | D:10     | Upgraded the game from 0.27.1-15-g792fb953b9 to
                  | 0.27.1-16-g815e20cd7a
 17195 | D:10     | Learned a level 6 spell: Invisibility
 17592 | D:10     | Found a staircase to the Lair.
 17844 | D:10     | Reached skill level 10 in Slings
 17971 | D:10     | Killed a two-headed ogre
 18151 | D:10     | Reached skill level 1 in Crossbows
 18584 | D:11     | Reached **** piety under Okawaru
 19701 | D:11     | Noticed a two-headed ogre
 19752 | D:11     | Killed a two-headed ogre
 19885 | D:11     | Received a gift from Okawaru
 19886 | D:11     | Reached skill level 5 in Fighting
 20779 | D:3      | Bought the +5 lajatang of Jyicemmi {antimagic, Stlth+} for
                  | 798 gold pieces
 21008 | D:12     | Noticed a boulder beetle
 21008 | D:12     | Noticed a two-headed ogre
 21070 | D:10     | Killed a boulder beetle
 21445 | D:12     | Noticed a boulder beetle
 21459 | D:11     | Killed a boulder beetle
 21459 | D:11     | Reached ***** piety under Okawaru
 21459 | D:11     | Received a gift from Okawaru
 21460 | D:11     | Reached skill level 5 in Invocations
 21460 | D:11     | Reached skill level 1 in Evocations
 21523 | D:12     | Noticed a four-headed hydra
 21586 | D:11     | Killed a four-headed hydra
 21587 | D:11     | Reached skill level 1 in Staves
 21718 | D:12     | Reached skill level 11 in Slings
 22335 | D:12     | Noticed a skeletal warrior
 22566 | D:11     | Killed a skeletal warrior
 22566 | D:11     | Received a gift from Okawaru
 22567 | D:11     | Reached XP level 12. HP: 12/60 MP: 8/24
 23158 | D:11     | Killed a two-headed ogre
 24240 | D:12     | Noticed a boulder beetle
 24574 | D:12     | Killed a boulder beetle
 24750 | D:12     | Noticed Fannar
 24763 | D:12     | Noticed Fannar
 24763 | D:12     | Fannar changed into Fannar the mana viper
 24778 | D:12     | Killed Fannar the mana viper
 25638 | Orc:1    | Entered Level 1 of the Orcish Mines
 26576 | Orc:2    | Entered Level 2 of the Orcish Mines
 28243 | Orc:2    | Noticed Nessos
 28246 | Orc:2    | Noticed Nessos
 28246 | Orc:2    | Nessos changed into Nessos the unseen horror
 28445 | Orc:1    | Killed Nessos the unseen horror
 28633 | Orc:2    | Noticed an orc high priest
 29057 | Orc:1    | Gained mutation: You are frail. (-10% HP) [a neqoxec]
 29058 | Orc:1    | Gained mutation: Your body sometimes deteriorates upon
                  | taking damage. [a neqoxec]
 29067 | Orc:1    | Killed an orc high priest
 29233 | Orc:1    | Reached skill level 12 in Slings
 29420 | Orc:2    | Killed from afar by an orc sorcerer

Illustrated notes

Levels and vault maps discovered:
D:1:      dpeg_arrival_solitude, layout_basic, basic_ecumenical_altar,
          minmay_misc_feat_nine_boxes, glass_columns_a, minmay_hexomino_p4
D:2:      layout_basic, chequers_serial_rivers_marsh
D:3:      layout_basic, serial_shops, nicolae_shop_stone
D:4:      layout_loops_ring, mainiacjoe_overflow_catwalk, amcnicky_altar_gilded,
          nicolae_ossuary_entry_plus, uniq_grinder
D:5:      layout_cave_pools, portal_sewer_entry_d, serial_column_ruins,
          column_ruins_square_medium, column_ruins_circle_medium,
          column_ruins_corridor_straight, column_ruins_open_tiny,
          column_ruins_open_small, column_ruins_columns_straight,
          column_ruins_columns_straight, column_ruins_open_medium
D:6:      layout_rooms
D:7:      layout_rooms, mainiacjoe_overflow_surrounded_room, okawaru_gym_becter,
          minmay_temple_entry_poolview, enter_bailey_3, minivault_1, uniq_maggie
D:8:      layout_loops_cross
D:9:      layout_long_grid, minitemple, orc_david_3, special_room
          [special_room_orc]
D:10:     layout_basic, due_lair_maze_entry_diamond, minmay_misc_feat_encased,
          evilmike_minifort
D:11:     layout_stronghold
D:12:     layout_basic, uniq_fannar
Temple:   dshaligram_water_room_temple
Orc:1:    layout_caves, uniq_urug
Orc:2:    st_orc_pillars, layout_caves, uniq_nessos

Skill      XL: |  1  2  3  4  5  6  7  8  9 10 11 12 |
---------------+-------------------------------------+-----
Fighting       | 1 2 3 4 5 |  5.9
Slings         | 3 4 5 7 8 9 11 12 | 12.0
Dodging        | 3 4 5 6 7 8 9 |  9.5
Hexes          | 4 5 6 7 8 9 10 11 | 11.1
Spellcasting   | 2 3 4 5 6 7 8 |  8.6
Fire Magic     | 1 2 3 4 5 |  5.1
Invocations    | 1 3 4 5 6 |  6.0
Translocations | 1 3 |  3.7
Armour         | 1 3 |  3.8
Crossbows      | 2 |  2.0
Evocations     | 2 4 |  4.3
Staves         | 1 2 |  2.3
Long Blades    | |  0.8

Action                   |  1- 3 |  4- 6 |  7- 9 | 10-12 || total
-------------------------+-------+-------+-------+-------++-------
Melee: Long sword        |    62 |    37 |    37 |   156 ||   292
       Lajatang          |       |       |       |   244 ||   244
 Fire: Hunting sling     |    53 |   244 |   737 |  1009 ||  2043
Throw: Boomerang         |    22 |       |    27 |    33 ||    82
       Dart              |       |       |    20 |    92 ||   112
 Cast: Inner Flame       |       |       |    12 |    22 ||    34
       Portal Projectile |       |       |     1 |     3 ||     4
       Cause Fear        |       |       |       |     4 ||     4
Invok: Heroism           |       |       |       |     2 ||     2
       Finesse           |       |       |       |     1 ||     1
Evoke: Wand              |       |       |       |    36 ||    36
  Use: Scroll            |     1 |     5 |     9 |     8 ||    23
       Potion            |       |     1 |     2 |     1 ||     4
 Stab: Sleeping          |     1 |       |       |     1 ||     2
Armor: Robe              |     3 |     9 |    12 |    13 ||    37
       Skin              |       |    40 |       |       ||    40
Dodge: Dodged            |    66 |    91 |   227 |   722 ||  1106
       Rpst.: Long sword |    24 |     9 |    11 |    68 ||   112
